 Dungeon Crawl Stone Soup version 0.31-a0-986-g5e6e4ef867 (webtiles) character file.

Game seed: 10303363661889382993

4678 FakeRyeBread the Grappler (level 10, -13/100 HPs)
             Began as a Troll Fighter on Nov 9, 2023.
             Was an Initiate of Wu Jian.
             Engulfed by an ice statue's freezing vapour (24 damage)
             ... on level 9 of the Dungeon.
             The game lasted 00:16:09 (6852 turns).

FakeRyeBread the Grappler (Troll Fighter)           Turns: 6852, Time: 00:16:10

Health: -13/100    AC: 10    Str: 26    XL:     10   Next: 21%
Magic:  9/9        EV: 19    Int:  8    God:    Wu Jian [......]
Gold:   1173       SH: 18    Dex:  9    Spells: 9/9 levels left

rFire   + +          +
                       - Unarmed
rCold   . . .        b - +4 kite shield
rNeg    . . .        K - +0 troll leather armour
rPois   .            (helmet restricted)
rElec   +            j - +0 cloak
rCorr   +            (gloves unavailable)
SInv    .            (boots unavailable)
Will    +....        r - amulet of the Sky {Reflect Contam rElec rF+++ rCorr SH+5}
Stlth   +            l - ring of the Hare {EV+10}
HPRegen 1.96/turn    m - +4 ring of protection
MPRegen 0.11/turn

%: reflection
@: enlightened, flying
A: large, unfitting armour, claws 3, regeneration 1, shaggy fur 1, tough skin 1
a: Renounce Religion


You were on level 9 of the Dungeon.
You worshipped Wu Jian.
Wu Jian was noncommittal.
You visited 2 branches of the dungeon, and saw 10 of its levels.
You also visited: Ossuary.

You collected 1181 gold pieces.
You spent 8 gold pieces at shops.

Inventory:

Missiles
 f - 53 stones
 I - a throwing net
Armour
 b - a +4 kite shield (worn)
 j - a +0 cloak (worn)
 K - a +0 troll leather armour (worn)
Jewellery
 e - a +6 ring of dexterity
 g - a ring of ice
 l - the ring of the Hare (left claw) {EV+10}
   (You found it on level 3 of the Dungeon)

   [ring of evasion]

   EV+10:     It affects your evasion (+10).
 m - a +4 ring of protection (right claw)
 r - the amulet of the Sky (around neck) {Reflect Contam rElec rF+++ rCorr SH+5}
   (You acquired it on level 6 of the Dungeon)

   [amulet of reflection]

   Reflect:   It reflects blocked missile attacks.
   rF+++:     It renders you almost immune to fire.
   rElec:     It insulates you from electricity.
   Contam:    It causes magical contamination when unequipped.
   rCorr:     It protects you from acid and corrosion.
   SH+5:      It affects your SH (+5).
 x - a ring of magical power
 y - a ring of flight
 B - a ring of ice
 C - a +5 ring of evasion
 D - a +4 ring of protection
Wands
 p - a wand of mindburst (13)
Scrolls
 d - 4 scrolls of teleportation
 s - 2 scrolls of poison
 t - a scroll of vulnerability
 A - a scroll of revelation {unknown}
 E - 3 scrolls of brand weapon
 F - 3 scrolls of immolation
 G - a scroll of amnesia {unknown}
Potions
 c - 4 potions of might
 h - a potion of cancellation
 i - 2 potions of haste
 k - 6 potions of brilliance
 n - 3 potions of mutation
 o - 5 potions of attraction
 q - 6 potions of curing
 u - 2 potions of degeneration
 v - 2 potions of enlightenment
 z - 2 potions of berserk rage
 H - a potion of heal wounds {unknown}
 J - a potion of magic {unknown}


   Skills:
 + Level 6.5 Fighting
 + Level 4.1 Dodging
 + Level 7.1 Shields
 * Level 10.5 Unarmed Combat


You had 9 spell levels left.
You didn't know any spells.
Your spell library contained the following spells:

 Spells                   Type           Power      Damage    Failure   Level
 Shock                    Conj/Air       0%         1d3       67%         1
 Swiftness                Air            0%         N/A       95%         3
 Airstrike                Air            0%         2d(0-16)  100%        4
 Animate Armour           Summ/Erth      0%         N/A       100%        4
 Summon Lightning Spire   Summ/Air       0%         N/A       100%        4
 Lee's Rapid Deconstruct  Erth           0%         3d4*      100%        5


Dungeon Overview and Level Annotations

Branches:
Dungeon (9/15)             Temple (1/1) D:7         Ossuary (visited)
   Lair: D:8-11         Orc: D:9-12

Altars:
Ashenzari
Cheibriados
Dithmenos
Elyvilon
Fedhas
Gozag
Hepliaklqana
Kikubaaqudgha
Makhleb
Nemelex Xobeh
Okawaru
Qazlal
Ru
Sif Muna
Trog
Uskayaw
Vehumet
Wu Jian
Xom
Yredelemnul
Zin
The Shining One

Shops:
D:3 (   D:4 (   D:6 *

Annotations:
D:9 1 runed translucent door, exclusion: ice statue, baller8008's ghost, novice HOFi


Innate Abilities, Weirdness & Mutations

You are too large for most types of armour.
You have claws for hands.
Your natural rate of healing is unusually fast.
You are covered in fur. (AC +1)
You have tough skin. (AC +1)


Message History

The ice beast disappears in a puff of smoke!
The ice statue glitters chillingly in the dim dungeon light.
The ice statue gestures.
You feel very buoyant.
You fly up into the air.
The ice statue gestures.
The ice statue glitters chillingly in the dim dungeon light.
The ice statue gestures.
The ice beast hits you. The ice beast freezes you!
You block the ice beast's attack. x2
You scratch the ice beast.
The ice beast is lightly wounded.
You mangle the ice beast!!
The ice beast is almost dead.
You block the ice beast's attack. The ice beast barely misses you.
You block the ice beast's attack. The ice statue gestures at you.
The freezing blast engulfs the ice beast.
The ice beast completely resists.
You closely miss the ice beast.
The ice beast is almost dead.
You are engulfed in freezing vapours.
You block the ice beast's attack.
The ice beast hits you but does no damage. x2
You are engulfed in freezing vapours.
The ice beast attacks as it pursues you!
The ice beast misses you. The ice beast closely misses you.
The ice statue gestures at you. The freezing blast misses you.
Found a scroll of poison, 25 gold pieces and a glowing ring mail.
You are engulfed in freezing vapours.
The ice beast closely misses you. The ice statue gestures at you.
The freezing blast engulfs you!!
* * * LOW HITPOINT WARNING * * *
You claw the ice statue!
The ice statue is severely damaged.
You are engulfed in freezing vapours.
* * * LOW HITPOINT WARNING * * *
You block the ice beast's attack. The ice beast closely misses you.
Found four items.
You are engulfed in freezing vapours.
You die...

#.......#..................##....
#.......#..##⌠...⌠##.......#.....
#.......#..##.....##.......#.....
#.......#..##.....##.......#.....
#.......#..##..○○○##.......#.....
#########..##.☼°°°##.......#.....
.....[.....##.°YYY##.......#.....
....)......##○○°○°##[).....#.....
####.......##○○8@○##)[[....#.....
#.......##≈○°○≈##.......#.....
#.......##○○○○.##.......#.....
#.......##.^...##.......'.....
####.......##.....##.......######
...........##.....##.............
...........##$[$?.##....####.....
...........##?)?)(##....#..######
...........# #....#........


You could see an ice statue and 3 ice beasts.

Vanquished Creatures
  A two-headed ogre (D:9)
  A troll (D:8)
  Sigmund (D:5)
  A shadow (D:9)
  A wraith (D:9)
  Edmund (D:4)
  A water moccasin (D:5)
  Duvessa (D:7)
  3 orc warriors
  2 ice beasts (D:7)
  A sky beast (D:7)
  A black bear (D:5)
  A centaur (D:9)
  4 ogres
  A phantom (D:6)
  2 bullfrogs
  A scorpion (D:4)
  3 water moccasin zombies (Ossuary)
  Dowan (D:7)
  10 killer bees
  8 orc priests
  3 jellies
  3 hounds
  A sleepcap (D:7)
  9 orc wizards
  Natasha (thrice) (D:3)
  2 iguanas
  2 mummies (Ossuary)
  7 gnolls
  13 adders
  A shadow imp (D:6)
  A white imp (D:6)
  3 adder zombies (Ossuary)
  3 worms
  2 dart slugs
  29 orcs
  6 ball pythons
  3 endoplasms
  4 giant cockroaches
  A gnoll zombie (Ossuary)
  7 hobgoblins
  2 jackals (D:1)
  3 kobolds
  3 quokkas (D:1)
  3 bats (D:1)
  A frilled lizard (D:2)
  7 goblins
  2 goblin zombies (D:5)
  2 hobgoblin zombies (Ossuary)
  6 kobold zombies (Ossuary)
  2 orc zombies (Ossuary)
  7 rats
187 creatures vanquished.

Notes
Turn   | Place    | Note
-------+----------+-------------------------------------------
     0 | D:1      | FakeRyeBread the Troll Fighter began the quest for the Orb.
     0 | D:1      | Reached XP level 1. HP: 22/22 MP: 0/0
    68 | D:1      | Reached XP level 2. HP: 29/29 MP: 1/1
   316 | D:1      | Reached XP level 3. HP: 36/36 MP: 2/2
   442 | D:1      | Reached skill level 3 in Unarmed Combat
   550 | D:1      | Found a faded altar of an unknown god.
  1001 | D:2      | Reached XP level 4. HP: 44/44 MP: 3/3
  1430 | D:3      | Reached skill level 4 in Unarmed Combat
  1430 | D:3      | Reached XP level 5. HP: 42/53 MP: 4/4
  1582 | D:3      | Found the ring of the Hare {EV+10}
  1599 | D:3      | Found a stormy altar of Qazlal.
  1680 | D:3      | Noticed Natasha
  1697 | D:3      | Killed Natasha
  1702 | D:3      | Reached XP level 6. HP: 61/61 MP: 5/5
  1745 | D:3      | Found Volebos's Weapon Emporium.
  1857 | D:3      | Noticed Natasha
  1864 | D:3      | Killed Natasha
  1983 | D:3      | Noticed Natasha
  1987 | D:3      | Killed Natasha
  1992 | D:4      | Noticed Edmund
  2005 | D:4      | Killed Edmund
  2006 | D:4      | Reached skill level 5 in Unarmed Combat
  2090 | D:4      | Found Vycwuryg's Antique Weapon Shoppe.
  2231 | D:4      | Found a shimmering altar of Xom.
  2372 | D:4      | Reached XP level 7. HP: 67/68 MP: 6/6
  2425 | D:4      | Found a hide-covered altar of Uskayaw.
  2425 | D:4      | Found a sacrificial altar of Ru.
  2639 | D:4      | Reached skill level 6 in Unarmed Combat
  2979 | D:5      | Entered Level 5 of the Dungeon
  3039 | D:5      | Found a sand-covered staircase.
  3051 | Ossuary  | Entered an ossuary
  3171 | Ossuary  | Reached XP level 8. HP: 79/79 MP: 7/7
  3308 | D:5      | Reached skill level 5 in Shields
  3334 | D:5      | Reached skill level 7 in Unarmed Combat
  3772 | D:5      | Noticed Sigmund
  3778 | D:5      | Killed Sigmund
  3779 | D:5      | Reached skill level 5 in Fighting
  3788 | D:5      | Reached skill level 8 in Unarmed Combat
  4166 | D:6      | Identified 2 scrolls of acquirement
  4166 | D:6      | Acquired 648 gold pieces
  4168 | D:6      | Acquired the amulet of the Sky {Reflect Contam rElec rF+++
                  | rCorr SH+5}
  4269 | D:6      | Found Gaw Ybia's CLEARANCE SALE!.
  4274 | D:6      | Bought a scroll of identify for 8 gold pieces
  4370 | D:6      | Reached XP level 9. HP: 88/88 MP: 8/8
  4523 | D:7      | Found a radiant altar of Vehumet.
  4567 | D:7      | Noticed Duvessa
  4567 | D:7      | Noticed Dowan
  4577 | D:7      | Killed Duvessa
  4578 | D:7      | Reached skill level 9 in Unarmed Combat
  4582 | D:7      | Killed Dowan
  4824 | D:7      | Found a staircase to the Ecumenical Temple.
  4833 | Temple   | Entered the Ecumenical Temple
  4872 | Temple   | Became a worshipper of the Wu Jian Council
  5400 | D:8      | Noticed a troll
  5406 | D:8      | Killed a troll
  6053 | D:9      | Reached skill level 10 in Unarmed Combat
  6071 | D:9      | Noticed a two-headed ogre
  6081 | D:9      | Killed a two-headed ogre
  6082 | D:9      | Reached XP level 10. HP: 100/100 MP: 9/9
  6099 | D:9      | Found a sparkling altar of Nemelex Xobeh.
  6137 | D:9      | Noticed an ice statue
  6353 | D:9      | Identified the +1 chain mail of Baldness {rCorr}
  6402 | D:9      | Found a runed translucent door.
  6402 | D:9      | Found a shimmering altar of Xom.
  6402 | D:9      | Noticed baller8008's ghost (novice HOFi)
  6403 | D:9      | Noticed a +2 rapier of chaos
  6852 | D:9      | Engulfed by an ice statue's freezing vapour

Illustrated notes

Levels and vault maps discovered:
D:1:      amcnicky_arrival_feature_with_door, layout_loops_cross,
          basic_ecumenical_altar, minmay_pentomino_w4
D:2:      layout_basic, minmay_misc_feat_room
D:3:      layout_rooms, mainiacjoe_overflow_boulevard, serial_shops,
          nicolae_shop_bloodbath_and_beyond, kennysheep_nondescript,
          nicolae_twisty_statue_hallways, uniq_natasha
D:4:      layout_cave_pods, general_overflow_altar,
          chequers_temple_overflow_statue_of_worship, serial_shops,
          nicolae_shop_window_shopping, uniq_edmund
D:5:      layout_layer_cave, enter_ossuary_4, skrybe_limestone_x, uniq_sigmund
D:6:      layout_rooms, nicolae_shop_clearance
D:7:      layout_loops_ring, fiery_altar_vehumet, minmay_temple_entry_trees,
          uniq_duvessa
D:8:      layout_basic, serial_corexii_hall, corexii_hall_statues_l,
          corexii_hall_statues_x, chequers_hall_statues_wall_a,
          corexii_hall_statues_s, corexii_hall_statues_i,
          chequers_hall_statues_y
D:9:      lemuel_ice_statue, layout_irregular_city,
          mainiacjoe_overflow_chevrons, ebering_ghost_xom,
          amcnicky_mini_rare_corridor_liquid
Temple:   eino_temple_scatter_basement

Skill      XL: |  1  2  3  4  5  6  7  8  9 |
---------------+----------------------------+-----
Shields        | 3 4 6 7 |  7.1
Unarmed Combat | 3 4 5 6 8 10 | 10.5
Fighting       | 3 4 5 6 |  6.5
Dodging        | 4 |  4.1

Action                     |  1- 3 |  4- 6 |  7- 9 | 10-12 || total
---------------------------+-------+-------+-------+-------++-------
  Melee: Unarmed           |    87 |   127 |   326 |    73 ||   613
  Throw: Javelin           |       |       |       |     5 ||     5
Ability: Lunge             |       |       |     4 |     2 ||     6
  Evoke: Wand              |       |       |     5 |     2 ||     7
    Use: Scroll            |       |     5 |    18 |       ||    23
         Potion            |       |       |       |     1 ||     1
   Stab: Sleeping          |       |     1 |     1 |       ||     2
 Armour: Robe              |    49 |    43 |    78 |    20 ||   190
         Troll leather arm |       |       |       |    13 ||    13
  Dodge: Dodged            |    34 |    60 |   154 |    46 ||   294
  Block: Kite shield       |    31 |    51 |   181 |    67 ||   330
         Reflection        |       |       |     3 |     1 ||     4

Table legend: (Time is in decaauts)
 A = Elapsed time spent in this place.
 B = Non-inter-level travel time spent in this place.
 C = Inter-level travel time spent in this place.
 D = Time resting spent in this place.
 E = Time spent auto-exploring this place.
 F = Levels seen in this place.
 G = Mean time per level.
                   A        B        C        D        E       F      G
               +--------+--------+--------+--------+--------+-----+--------+
         Total |   6845 |   6298 |    547 |     19 |   5005 |  11 |  622.3 |
       Dungeon |   6643 |   6143 |    500 |     19 |   4964 |   9 |  738.1 |
        Temple |     49 |      2 |     47 |      0 |      0 |   1 |   49.0 |
       Ossuary |    152 |    152 |      0 |      0 |     41 |   1 |  152.0 |
               +--------+--------+--------+--------+--------+-----+--------+

Top non-repeatable levels by time:
     D:4: 986 daAuts
     D:5: 970 daAuts
     D:8: 908 daAuts
     D:9: 767 daAuts
     D:2: 735 daAuts
     D:1: 677 daAuts
     D:7: 658 daAuts
     D:3: 588 daAuts
     D:6: 349 daAuts
 Ossuary: 152 daAuts
  Temple: 49 daAuts
